 Dungeon Crawl Stone Soup version 0.32-a0-120-gfac0567ad4 (webtiles) character file.

Game seed: 1830155423247040524

51 jasper the Slasher (level 3, 28/28 HPs)
             Began as a Barachi Reaver on Feb 6, 2024.
             Quit the game on level 2 of the Dungeon.
             The game lasted 00:05:40 (1645 turns).

jasper the Slasher (Barachi Reaver)                 Turns: 1645, Time: 00:05:41

Health: 28/28      AC:  5    Str: 13    XL:     3   Next: 83%
Magic:  6/6        EV: 11    Int: 15    God:
Gold:   122        SH:  0    Dex: 10    Spells: 5/6 levels left

rFire   . . .        a - +0 falchion
rCold   + . .        (no shield)
rNeg    . . .        d - +2 leather armour {rC+}
rPois   .            (no helmet)
rElec   .            (no cloak)
rCorr   .            (no gloves)
SInv    .            (no boots)
Will    .....        (no amulet)
Stlth   +            (no ring)
HPRegen 0.24/turn    (no ring)
MPRegen 0.10/turn

%: no passive effects
@: slow
A: amphibious, slowness 1, strong legs 1, +LOS
a: Hop


You were on level 2 of the Dungeon.
You visited 1 branch of the dungeon, and saw 2 of its levels.

You collected 122 gold pieces.

Inventory:

Hand Weapons
 a - a +0 falchion (weapon)
Missiles
 c - 15 stones
Armour
 b - a +0 leather armour
 d - a +2 leather armour of cold resistance (worn)
 e - a +0 ring mail
Jewellery
 k - a +4 ring of protection
Scrolls
 l - a scroll of teleportation
 n - 2 scrolls of identify
Potions
 f - a potion of lignification
 g - a potion of mutation {unknown}
 h - a potion of resistance {unknown}
 i - a potion of invisibility {unknown}
 j - a potion of enlightenment {unknown}
 o - a potion of attraction {unknown}


   Skills:
 - Level 2.4 Fighting
 + Level 5.6 Long Blades
 - Level 2.1 Dodging
 - Level 2.1 Spellcasting
 - Level 3.2 Conjurations


You had 5 spell levels left.
You knew the following spells:

 Your Spells              Type           Power      Damage    Failure   Level
a - Kiss of Death         Conj/Necr      24%        2d7       14%         1

Your spell library contained the following spells:

 Spells                   Type           Power      Damage    Failure   Level
 Momentum Strike          Conj/Tloc      12%        3d8       22%         2
 Hailstorm                Conj/Ice       6%         3d5       38%         3
 Summon Forest            Summ/Tloc      0%         N/A       100%        5
 Eringya's Noxious Bog    Alch           0%         4d6       100%        6
 Summon Hydra             Summ           0%         N/A       100%        7


Dungeon Overview and Level Annotations

Branches:
Dungeon (2/15)

Altars:
Uskayaw


Innate Abilities, Weirdness & Mutations

You are amphibious.
You cover ground slowly.
You can hop short distances.
You have an extended range of vision and can be seen from far away.


Message History

The ball python closely misses you. The ball python constricts you.
You hit the ball python.
You kill the ball python!
You see here a ball python corpse.
A bat comes into view.
Health restored: 28 You barely miss the bat.
The bat hits you but does no damage.
You hit the bat. Your punch misses the bat.
The bat is severely wounded.
The bat hits you but does no damage. The bat hits you but does no damage.
You hit the bat.
You kill the bat!
You see here a bat corpse.
You see here a rat skeleton.
Found a mace.
c - 15 stones (gained 3)
You now have 122 gold pieces (gained 3).
You pick up a Fen Folio and begin reading...
You add the spells Summon Forest, Eringya's Noxious Bog and Summon Hydra to your library.
n - 2 scrolls of identify (gained 1)
A bat comes into view.
The bat hits you but does no damage. The bat closely misses you.
A bat is nearby!
You closely miss the bat. The bat barely misses you. x2
The bat barely misses you. The bat closely misses you.
You swing at nothing.
You swing at nothing.
You swing at nothing.
You hit the bat.
You kill the bat!
You swing at nothing.
You swing at nothing.
o - a green potion Done exploring.
Done exploring.
As you read the scroll labelled TAEFAU DOBBEPSU, it crumbles to dust.
It is a scroll of enchant armour.
Your +1 leather armour of cold resistance glows green for a moment.
Are you sure you want to abandon this character and quit the game? (Confirm with "yes".)

### #### ##.##
##...
##.#.##########.###
#.###........<.....
##@#.##########.###
##.### ##... #...#
#### #.#.# #...#
##########
###.#####.......#.
#.......#.......#.
#.#.....#.......#.
#.#.....#.........


There were no monsters in sight!

Vanquished Creatures
  An adder (D:2)
  3 dart slugs (D:2)
  2 ball pythons
  6 endoplasms
  A goblin (D:1)
  2 hobgoblins (D:1)
  2 quokkas (D:1)
  10 bats
  2 frilled lizards
  A kobold (D:1)
  6 rats
36 creatures vanquished.

Notes
Turn   | Place    | Note
-------+----------+-------------------------------------------
     0 | D:1      | jasper the Barachi Reaver began the quest for the Orb.
     0 | D:1      | Reached XP level 1. HP: 17/17 MP: 3/3
    62 | D:1      | Upgraded the game from 0.32-a0-119-g2e8054a333 to
                  | 0.32-a0-120-gfac0567ad4
   203 | D:1      | Reached skill level 4 in Long Blades
   223 | D:1      | Reached XP level 2. HP: 16/23 MP: 5/5
  1019 | D:2      | Reached skill level 5 in Long Blades
  1019 | D:2      | Reached XP level 3. HP: 28/28 MP: 6/6
  1438 | D:2      | Found a hide-covered altar of Uskayaw.
  1645 | D:2      | Quit the game

Illustrated notes

Levels and vault maps discovered:
D:1:      dpeg_arrival_chambers_temple_mockup, layout_loops_cross,
          minmay_misc_feat_five, grunt_decor_fettered
D:2:      layout_loops_cross, basic_altar

Skill      XL: |  1  2 |
---------------+-------+-----
Long Blades    | 4 5 |  5.6
Fighting       | |  2.4
Dodging        | |  2.1
Spellcasting   | |  2.1
Conjurations   | |  3.2

Action                     || total
---------------------------++-------
  Melee: Falchion          ||   126
         Punch             ||     2
    Use: Scroll            ||     6
 Armour: Leather armour    ||    50
         Ring mail         ||    19
  Dodge: Dodged            ||    78

Table legend: (Time is in decaauts)
 A = Elapsed time spent in this place.
 B = Non-inter-level travel time spent in this place.
 C = Inter-level travel time spent in this place.
 D = Time resting spent in this place.
 E = Time spent auto-exploring this place.
 F = Levels seen in this place.
 G = Mean time per level.
                   A        B        C        D        E       F      G
               +--------+--------+--------+--------+--------+-----+--------+
         Total |   1892 |   1879 |     13 |     73 |   1404 |   2 |  946.0 |
       Dungeon |   1892 |   1879 |     13 |     73 |   1404 |   2 |  946.0 |
               +--------+--------+--------+--------+--------+-----+--------+

Top non-repeatable levels by time:
     D:1: 1137 daAuts
     D:2: 754 daAuts
